 Dungeon Crawl Stone Soup version 0.22.0-6-g71bd7aa (webtiles) character file.

115 ventricule the Cutter (level 4, 0/27 HPs)
             Began as a Deep Elf Abyssal Knight on Aug 14, 2018.
             Was a Follower of Lugonu.
             Slain by a crimson imp (2 damage)
             ... summoned by Natasha
             ... on level 2 of the Dungeon.
             The game lasted 00:05:11 (2680 turns).

ventricule the Cutter (Deep Elf Abyssal Knight)     Turns: 2680, Time: 00:05:11

Health: 0/27       AC:  6    Str:  9    XL:     4   Next: 68%
Magic:  7/7        EV: 13    Int: 18    God:    Lugonu [*.....]
Gold:   47         SH:  0    Dex: 16    Spells: 3/3 levels left

rFire    . . .     SeeInvis .   a - +1 short sword
rCold    . . .     Gourm    .   (no shield)
rNeg     . . .     Faith    +   g - +2 robe {MR+} {MR+}
rPois    +         Spirit   .   (no helmet)
rElec    .         Reflect  .   (no cloak)
rCorr    .         Harm     .   c - +1 pair of gloves (curse)
MR       +....                  (no boots)
Stlth    +.........             d - amulet of faith {Faith, !P}
HPRegen  0.09/turn              (no ring)
MPRegen  0.10/turn              (no ring)

@: no status effects
A: hooves 1, agile 1, poison resistance
a: Depart the Abyss, Renounce Religion


You were on level 2 of the Dungeon.
You worshipped Lugonu.
Lugonu was aware of your devotion.
You were not hungry.

You visited 1 branch of the dungeon, and saw 2 of its levels.
You visited the Abyss 1 time.

You collected 47 gold pieces.

Inventory:

Hand Weapons
 a - a +1 short sword (weapon)
Missiles
 Q - 29 stones (quivered)
Armour
 b - a +0 leather armour
 c - a cursed +1 pair of gloves (worn)
 g - a +2 robe of magic resistance (worn) {MR+}
Jewellery
 d - an amulet of faith (around neck) {Faith, !P}
Potions
 f - a potion of ambrosia
 h - a potion of haste
Comestibles
 e - 4 rations


   Skills:
 - Level 2.4 Fighting
 + Level 5.0 Short Blades
 - Level 0.7 Armour
 - Level 2.4 Dodging
 - Level 2.0 Invocations


You had 3 spell levels left.
You didn't know any spells.
Your spell library was empty.

Dungeon Overview and Level Annotations

Branches:
Dungeon (2/15)

Altars:
Elyvilon

Annotations:
D:2 Natasha


Innate Abilities, Weirdness & Mutations

You have large cloven feet.
You are agile. (Dex +2)
Your system is resistant to poisons. (rPois)


Message History

Natasha misses you.
You barely miss Natasha. The crimson imp closely misses you. Natasha claws you.
* * * LOW HITPOINT WARNING * * *
You take 2 damage, and have 13/27 hp.
Unknown command.
You barely miss Natasha. The crimson imp hits you.
* * * LOW HITPOINT WARNING * * *
You take 1 damage, and have 12/27 hp.
You hit Natasha. Natasha claws you!
* * * LOW HITPOINT WARNING * * *
The crimson imp lashes its tail.
The crimson imp hits you but does no damage.
You take 10 damage, and have 2/27 hp.
MASSIVE DAMAGE!!
Okay, then.
You aren't carrying any items that you can evoke.
It was a potion of mutation.
You feel extremely strange.
You feel resistant to poisons.
Your feet thicken and deform.
You feel agile. Natasha misses you. The crimson imp hits you.
You die...

....#####.........
....#####..............
......##..............#
......................
...............##.....
.###.####..[.........##
.###.# ##..###...#...##
...#.#####..##..####...##(##
...............5@...........
...#.####....##h#####..#.###
...#.# #.#.###5# #...# #.
#..>.. #.#.##..# ...# ##....
....... ....#..## ..###..#.#
..............## .......#.#
.............%#
##..............#
..............#
#...............#
.......####...............#


You could see an iron imp, Natasha and a crimson imp.

Vault maps used:
D:1:      matt_arrival_los_fun, minmay_misc_feat_chi
D:2:      elyvilon_altar_1, first_ration, uniq_natasha

Notes
Turn   | Place    | Note
-------+----------+-------------------------------------------
     0 | Abyss:1  | ventricule the Deep Elf Abyssal Knight began the quest for the Orb.
     0 | Abyss:1  | Reached XP level 1. HP: 13/13 MP: 4/4
    18 | Abyss:1  | Noticed a small abomination
    19 | D:1      | Escaped the Abyss
   230 | D:1      | Identified a cursed +0 pair of gloves (You found it on level 1 of the Dungeon)
   341 | D:1      | Reached * piety under Lugonu
   436 | D:1      | HP: 3/13 [goblin/dagger (2)]
   438 | D:1      | Reached XP level 2. HP: 4/18 MP: 5/5
   763 | D:1      | Reached skill level 3 in Short Blades
  1240 | D:1      | Reached XP level 3. HP: 13/22 MP: 6/6
  1700 | D:2      | Identified 2 scrolls of identify
  1700 | D:2      | Identified a potion of haste
  1701 | D:2      | Identified a scroll of amnesia
  1923 | D:2      | Found a white marble altar of Elyvilon.
  1928 | D:2      | Noticed Natasha
  1937 | D:2      | Killed Natasha
  1937 | D:2      | Reached skill level 4 in Short Blades
  2043 | D:2      | Identified a scroll of enchant armour
  2055 | D:2      | Identified an amulet of faith (You found it on level 2 of the Dungeon)
  2075 | D:2      | Identified a +2 robe of magic resistance (You found it on level 2 of the Dungeon)
  2140 | D:2      | Reached XP level 4. HP: 27/27 MP: 7/7
  2428 | D:2      | Identified a potion of ambrosia
  2528 | D:2      | Noticed Natasha
  2552 | D:2      | Killed Natasha
  2621 | D:2      | Reached skill level 5 in Short Blades
  2668 | D:2      | Noticed Natasha
  2679 | D:2      | HP: 2/27 [Natasha (10)]
  2680 | D:2      | Identified a potion of mutation
  2680 | D:2      | Gained mutation: Your system is resistant to poisons. (rPois) [potion of mutation]
  2680 | D:2      | Gained mutation: You have large cloven feet. [potion of mutation]
  2680 | D:2      | Gained mutation: You are agile. (Dex +2) [potion of mutation]
  2680 | D:2      | Slain by a crimson imp

Table legend:
 A = Turns spent in this place as a percentage of turns spent in the entire game.
 B = Non-inter-level travel turns spent in this place as a percentage of non-inter-level travel turns spent in the entire game.
 C = Inter-level travel turns spent in this place as a percentage of turns spent in this place.
 D = Turns resting spent in this place as a percentage of non-inter-level travel turns spent in this place.
 E = Turns spent auto-exploring this place as a percentage of non-inter-level travel turns spent in this place.
 F = Non-inter-level travel turns spent in this place divided by the number of levels of this place that you've seen.
                   A       B       C       D       E      F
               +-------+-------+-------+-------+-------+----------------------
         Total | 100.0 | 100.0 |   6.2 |  46.8 |  33.3 | 837.7
       Dungeon |  99.3 |  99.2 |   6.3 |  47.1 |  32.9 | 1247.0
         Abyss |   0.7 |   0.8 |   0.0 |   0.0 |  94.7 |  19.0
               +-------+-------+-------+-------+-------+----------------------

Table legend:
 A = Kills in this place as a percentage of kills in entire the game.
 B = Kills by you in this place as a percentage of kills by you in the entire game.
 C = Kills by friends in this place as a percentage of kills by friends in the entire game.
 D = Other kills in this place as a percentage of other kills in the entire game.
 E = Experience gained in this place as a percentage of experience gained in the entire game.
 F = Experience gained in this place divided by the number of levels of this place that you have seen.
                   A       B       C       D       E      F
               +-------+-------+-------+-------+-------+----------------------
         Total | 100.0 | 100.0 |   N/A |   N/A | 100.0 |  55.0
       Dungeon | 100.0 | 100.0 |   N/A |   N/A | 100.0 |  82.5
               +-------+-------+-------+-------+-------+----------------------

Skill      XL: |  1  2  3  4 |
---------------+-------------+-----
Short Blades   | 3 4 5 |  5.0
Fighting       | |  2.4
Armour         | |  0.7
Dodging        | |  2.4
Invocations    | |  2.0

Action                   |  1- 3 |  4- 6 || total
-------------------------+-------+-------++-------
Melee: Short sword       |   125 |    44 ||   169
Throw: Stone             |     4 |     3 ||     7
Invok: Depart the Abyss  |     1 |       ||     1
  Use: Scroll            |     3 |     1 ||     4
       Potion            |       |     1 ||     1
 Stab: Sleeping          |     1 |       ||     1
  Eat: Chunk             |     3 |     3 ||     6
Armor: Leather armour    |    30 |       ||    30
       Robe              |     4 |     9 ||    13
Dodge: Dodged            |    98 |    28 ||   126

Vanquished Creatures
  Natasha (twice) (D:2)
  2 adders (D:2)
  An ooze (D:1)
  A worm (D:2)
  6 bats
  5 giant cockroaches (D:1)
  5 hobgoblins
  4 jackals
  3 frilled lizards
  3 goblins (D:1)
  2 kobolds (D:2)
  8 rats
42 creatures vanquished.
